[ AOE2 MATCH · #505226091 ]
UnrankedJapanese vs Huns
Player's team · LOSS
Rival team · WIN
[ REPLAY ANALYSIS · EXTRACTED FROM THE RECORDED GAME ]
Feudal
10:05
Castle
17:05
Imperial
37:32
| APM avg | 51.4 |
| APM peak | 82 |
| eAPM avg | 27.8 |
| Villagers / military | 175 / 123 |
Focus
⚔️ 28.2% · 🌾 71.8%
Samurai ×53 · Battering Ram ×24 · Knight ×19 · Militia ×10 · Cavalry Archer ×8 · Scorpion ×5
Feudal
10:17
Castle
18:13
Imperial
37:34
| APM avg | 45.4 |
| APM peak | 68 |
| eAPM avg | 27.7 |
| Villagers / military | 279 / 103 |
Focus
⚔️ 30.2% · 🌾 69.8%
Cavalry Archer ×31 · Scout Cavalry ×14 · Mangonel ×12 · Knight ×10 · Trebuchet (Packed) ×10 · Archer ×8
Match map
Initial resources + every placement click. Lines = walls · curves = elevation contours. ◆ gold · ⬟ stone · ● berries · ✦ relic · ◌ wall gap
Your base· Open — 8t gap
wgxseed's base· Open — 7t gap
Smoothed initial terrain · ◌ = detected wall gap · hover for details
Inputs per minute
— 新竹 - - wgxseed
Build order — 新竹
First 150 of 417 actions detected
| 0:01 | Create | Villager (Male) |
| 0:01 | Create | Villager (Male) |
| 0:01 | Create | Villager (Male) |
| 0:02 | Create | Villager (Male) |
| 0:02 | Create | Villager (Male) |
| 0:05 | Build | House |
| 0:07 | Build | House |
| 1:13 | Create | Villager (Male) |
| 1:14 | Create | Villager (Male) |
| 1:28 | Create | Villager (Male) |
| 1:29 | Create | Villager (Male) |
| 1:29 | Research | Loom |
| 1:29 | Research | Loom |
| 1:48 | Create | Villager (Male) |
| 1:49 | Create | Villager (Male) |
| 1:52 | Build | House |
| 2:07 | Create | Villager (Male) |
| 2:07 | Create | Villager (Male) |
| 2:14 | Create | Villager (Male) |
| 2:14 | Create | Villager (Male) |
| 2:14 | Create | Villager (Male) |
| 2:42 | Create | Villager (Male) |
| 2:43 | Create | Villager (Male) |
| 2:43 | Create | Villager (Male) |
| 2:44 | Create | Villager (Male) |
| 3:00 | Create | Villager (Male) |
| 3:00 | Create | Villager (Male) |
| 3:00 | Create | Villager (Male) |
| 3:16 | Create | Villager (Male) |
| 3:16 | Create | Villager (Male) |
| 3:16 | Create | Villager (Male) |
| 3:46 | Create | Villager (Male) |
| 4:09 | Create | Villager (Male) |
| 4:09 | Create | Villager (Male) |
| 4:09 | Create | Villager (Male) |
| 4:32 | Create | Villager (Male) |
| 4:32 | Create | Villager (Male) |
| 4:35 | Build | House |
| 5:11 | Create | Villager (Male) |
| 5:11 | Create | Villager (Male) |
| 5:32 | Create | Villager (Male) |
| 5:52 | Build | House |
| 6:15 | Create | Villager (Male) |
| 6:15 | Create | Villager (Male) |
| 6:31 | Build | Mining Camp |
| 6:33 | Create | Villager (Male) |
| 6:35 | Create | Villager (Male) |
| 7:08 | Build | Lumber Camp |
| 7:15 | Create | Villager (Male) |
| 7:30 | Create | Villager (Male) |
| 7:52 | Research | Feudal Age |
| 7:52 | Research | Feudal Age |
| 8:11 | Build | Barracks |
| 8:15 | Create | Villager (Male) |
| 8:15 | Create | Villager (Male) |
| 8:18 | Build | Mill |
| 8:20 | Build | House |
| 8:25 | Build | Palisade Wall |
| 8:40 | Build | Mill |
| 8:57 | Create | Militia ×5 |
| 9:03 | Build | House |
| 9:17 | Create | Villager (Male) |
| 10:05 | Age | Feudal Age |
| 10:13 | Build | Barracks |
| 10:26 | Create | Villager (Male) |
| 10:26 | Create | Villager (Male) |
| 10:40 | Research | Man-at-Arms (upgrade) |
| 10:40 | Research | Man-at-Arms (upgrade) |
| 10:57 | Create | Militia |
| 10:57 | Create | Militia |
| 11:00 | Create | Villager (Male) |
| 11:00 | Create | Villager (Male) |
| 11:29 | Create | Villager (Male) |
| 11:30 | Build | House |
| 11:33 | Create | Villager (Male) |
| 11:48 | Create | Villager (Male) |
| 12:31 | Create | Militia |
| 12:32 | Create | Militia |
| 12:32 | Create | Militia |
| 12:49 | Create | Villager (Male) |
| 12:50 | Create | Villager (Male) |
| 12:57 | Build | Market |
| 13:16 | Build | Watch Tower |
| 13:41 | Create | Villager (Male) |
| 13:54 | Build | Blacksmith |
| 13:58 | Create | Villager (Male) |
| 14:03 | Create | Villager (Male) |
| 14:25 | Research | Castle Age |
| 14:25 | Research | Castle Age |
| 14:25 | Research | Castle Age |
| 14:28 | Build | House |
| 14:30 | Build | House |
| 14:41 | Build | Mining Camp |
| 15:24 | Build | Stable |
| 15:31 | Research | Scale Barding Armor |
| 15:31 | Research | Scale Barding Armor |
| 15:31 | Research | Scale Barding Armor |
| 15:38 | Build | Lumber Camp |
| 15:47 | Build | House |
| 15:59 | Research | Bloodlines |
| 16:03 | Build | Stable |
| 16:07 | Create | Villager (Male) |
| 16:07 | Create | Villager (Male) |
| 16:18 | Research | Forging |
| 16:18 | Research | Forging |
| 16:48 | Build | Stable |
| 16:52 | Create | Villager (Male) |
| 16:53 | Create | Villager (Male) |
| 16:53 | Create | Villager (Male) |
| 16:58 | Build | Mining Camp |
| 17:05 | Age | Castle Age |
| 17:08 | Create | Knight |
| 17:08 | Create | Knight |
| 17:08 | Create | Knight |
| 17:08 | Create | Knight |
| 17:08 | Create | Knight |
| 17:33 | Research | Gold Mining |
| 17:34 | Research | Gold Mining |
| 17:34 | Research | Gold Mining |
| 17:35 | Create | Villager (Male) |
| 17:36 | Create | Villager (Male) |
| 17:37 | Create | Villager (Male) |
| 17:40 | Create | Villager (Male) |
| 17:40 | Create | Villager (Male) |
| 18:03 | Create | Villager (Male) |
| 18:03 | Create | Villager (Male) |
| 18:24 | Build | Town Center |
| 18:33 | Build | Siege Workshop |
| 18:42 | Build | Farm |
| 18:43 | Build | Farm |
| 18:51 | Create | Knight |
| 18:51 | Create | Knight |
| 18:51 | Create | Knight |
| 18:52 | Create | Knight |
| 19:11 | Build | Farm |
| 19:23 | Create | Scorpion |
| 19:23 | Create | Scorpion |
| 19:51 | Create | Scorpion |
| 19:52 | Create | Scorpion |
| 20:02 | Create | Villager (Male) |
| 20:03 | Create | Villager (Male) |
| 20:04 | Create | Villager (Male) |
| 20:04 | Create | Villager (Male) |
| 20:04 | Create | Villager (Male) |
| 20:06 | Build | Mill |
| 20:23 | Create | Villager (Male) |
| 20:23 | Create | Villager (Male) |
| 20:36 | Create | Scorpion |
| 20:44 | Create | Villager (Male) |
| 21:14 | Build | House |
Build order — wgxseed
First 150 of 590 actions detected
| 0:00 | Create | Villager (Male) |
| 0:23 | Create | Villager (Male) |
| 0:23 | Create | Villager (Male) |
| 0:24 | Create | Villager (Male) |
| 0:24 | Create | Villager (Male) |
| 0:51 | Create | Villager (Male) |
| 0:51 | Create | Villager (Male) |
| 1:06 | Research | Loom |
| 1:13 | Create | Villager (Male) |
| 1:22 | Create | Villager (Male) |
| 1:45 | Create | Villager (Male) |
| 1:45 | Create | Villager (Male) |
| 2:02 | Create | Villager (Male) |
| 2:10 | Create | Villager (Male) |
| 2:20 | Create | Villager (Male) |
| 2:20 | Create | Villager (Male) |
| 2:37 | Create | Villager (Male) |
| 2:37 | Create | Villager (Male) |
| 2:58 | Create | Villager (Male) |
| 3:00 | Create | Villager (Male) |
| 3:05 | Create | Villager (Male) |
| 3:30 | Build | Lumber Camp |
| 3:30 | Create | Villager (Male) |
| 3:38 | Create | Villager (Male) |
| 3:42 | Create | Villager (Male) |
| 4:10 | Create | Villager (Male) |
| 4:23 | Create | Villager (Male) |
| 4:47 | Create | Villager (Male) |
| 4:49 | Create | Villager (Male) |
| 4:49 | Create | Villager (Male) |
| 4:52 | Create | Villager (Male) |
| 4:57 | Create | Villager (Male) |
| 4:59 | Create | Villager (Male) |
| 5:03 | Create | Villager (Male) |
| 5:12 | Build | Palisade Wall |
| 5:13 | Build | Palisade Wall |
| 5:15 | Build | Palisade Wall |
| 5:16 | Build | Palisade Wall |
| 5:16 | Build | Palisade Wall |
| 5:23 | Build | Palisade Wall |
| 5:25 | Build | Palisade Gate |
| 5:27 | Create | Villager (Male) |
| 5:31 | Create | Villager (Male) |
| 5:41 | Build | Palisade Wall |
| 5:41 | Build | Palisade Wall |
| 5:44 | Create | Villager (Male) |
| 5:44 | Create | Villager (Male) |
| 5:47 | Create | Villager (Male) |
| 6:14 | Create | Villager (Male) |
| 6:21 | Create | Villager (Male) |
| 6:29 | Create | Villager (Male) |
| 6:45 | Create | Villager (Male) |
| 6:53 | Build | Mill |
| 6:59 | Create | Villager (Male) |
| 7:42 | Research | Feudal Age |
| 8:05 | Create | Villager (Male) |
| 8:11 | Build | Barracks |
| 8:31 | Create | Villager (Male) |
| 8:39 | Create | Villager (Male) |
| 8:44 | Build | Mill |
| 8:48 | Build | Mining Camp |
| 8:53 | Create | Villager (Male) |
| 8:55 | Create | Militia |
| 9:05 | Create | Villager (Male) |
| 9:09 | Create | Militia |
| 9:40 | Create | Villager (Male) |
| 10:02 | Create | Militia |
| 10:03 | Create | Villager (Male) |
| 10:17 | Age | Feudal Age |
| 10:18 | Build | Mining Camp |
| 10:23 | Build | Stable |
| 10:29 | Create | Spearman |
| 10:30 | Create | Villager (Male) |
| 10:42 | Research | Man-at-Arms (upgrade) |
| 10:46 | Create | Villager (Male) |
| 10:48 | Create | Villager (Male) |
| 10:51 | Build | Mill |
| 10:59 | Create | Scout Cavalry |
| 11:02 | Build | Archery Range |
| 11:04 | Create | Villager (Male) |
| 11:15 | Create | Scout Cavalry |
| 11:31 | Create | Villager (Male) |
| 11:31 | Create | Villager (Male) |
| 11:33 | Research | Double-Bit Axe |
| 11:33 | Research | Double-Bit Axe |
| 11:35 | Create | Villager (Male) |
| 11:47 | Build | Farm |
| 11:47 | Build | Farm |
| 11:55 | Build | Mill |
| 11:57 | Create | Villager (Male) |
| 12:01 | Create | Villager (Male) |
| 12:06 | Create | Archer |
| 12:13 | Create | Villager (Male) |
| 12:16 | Create | Villager (Male) |
| 12:18 | Build | Farm |
| 12:20 | Create | Villager (Male) |
| 12:21 | Create | Villager (Male) |
| 12:26 | Create | Villager (Male) |
| 12:31 | Create | Archer |
| 12:31 | Create | Villager (Male) |
| 12:35 | Create | Villager (Male) |
| 12:48 | Create | Archer |
| 12:49 | Create | Scout Cavalry |
| 12:58 | Build | Farm |
| 12:58 | Build | Farm |
| 12:58 | Build | Farm |
| 12:58 | Build | Farm |
| 13:05 | Create | Scout Cavalry |
| 13:20 | Create | Villager (Male) |
| 13:31 | Build | Watch Tower |
| 13:31 | Create | Villager (Male) |
| 13:36 | Create | Archer |
| 13:38 | Create | Villager (Male) |
| 13:43 | Build | Farm |
| 13:47 | Build | Farm |
| 14:01 | Build | Farm |
| 14:04 | Build | Farm |
| 14:10 | Create | Archer |
| 14:23 | Build | Farm |
| 14:52 | Build | Palisade Wall |
| 14:53 | Build | Palisade Wall |
| 14:55 | Build | Palisade Wall |
| 15:05 | Create | Villager (Male) |
| 15:09 | Build | Blacksmith |
| 15:31 | Build | Farm |
| 15:33 | Research | Castle Age |
| 15:33 | Research | Castle Age |
| 15:34 | Create | Villager (Male) |
| 15:35 | Build | Farm |
| 15:37 | Create | Archer |
| 15:37 | Create | Villager (Male) |
| 15:42 | Create | Villager (Male) |
| 15:45 | Create | Villager (Male) |
| 15:45 | Create | Villager (Male) |
| 15:45 | Create | Villager (Male) |
| 16:00 | Create | Villager (Male) |
| 16:06 | Build | Farm |
| 16:11 | Create | Militia |
| 16:16 | Create | Archer |
| 16:17 | Create | Villager (Male) |
| 16:23 | Research | Fletching |
| 16:23 | Research | Fletching |
| 16:27 | Research | Horse Collar |
| 16:39 | Build | Mill |
| 16:47 | Create | Spearman |
| 16:53 | Create | Villager (Male) |
| 16:56 | Create | Archer |
| 17:03 | Create | Villager (Male) |
| 17:09 | Create | Villager (Male) |
| 17:12 | Build | Farm |
Match timeline
| 5:12 | wgxseed · wall_segment Palisade Wall x1 |
| 5:13 | wgxseed · wall_segment Palisade Wall x1 |
| 5:15 | wgxseed · wall_segment Palisade Wall x1 |
| 5:16 | wgxseed · wall_segment Palisade Wall x1 |
| 5:16 | wgxseed · wall_segment Palisade Wall x1 |
| 5:23 | wgxseed · wall_segment Palisade Wall x1 |
| 5:41 | wgxseed · wall_segment Palisade Wall x1 |
| 5:41 | wgxseed · wall_segment Palisade Wall x1 |
| 8:11 | wgxseed · first_building Barracks |
| 8:11 | 新竹 · first_building Barracks |
| 8:25 | 新竹 · wall_segment Palisade Wall x1 |
| 10:05 | 新竹 · age_up feudal |
| 10:17 | wgxseed · age_up feudal |
| 10:23 | wgxseed · first_building Stable |
| 11:02 | wgxseed · first_building Archery Range |
| 14:52 | wgxseed · wall_segment Palisade Wall x1 |
| 14:53 | wgxseed · wall_segment Palisade Wall x1 |
| 14:55 | wgxseed · wall_segment Palisade Wall x1 |
| 15:24 | 新竹 · first_building Stable |
| 15:58 | 新竹 · first_market_buy 100 wood |
| 17:05 | 新竹 · age_up castle |
| 17:12 | 新竹 · first_market_sell 100 wood |
| 18:13 | wgxseed · age_up castle |
| 18:33 | 新竹 · first_building Siege Workshop |
| 19:05 | wgxseed · first_building Castle |
| 20:30 | wgxseed · wall_segment Palisade Wall x1 |
| 21:56 | 新竹 · first_building Castle |
| 23:44 | wgxseed · first_building Monastery |
| 26:41 | wgxseed · first_market_buy 100 food |
| 26:52 | wgxseed · first_market_sell 100 stone |
| 27:31 | wgxseed · first_building Siege Workshop |
| 32:01 | wgxseed · wall_segment Palisade Wall x1 |
| 37:32 | 新竹 · age_up imperial |
| 37:34 | wgxseed · age_up imperial |
| 43:07 | wgxseed · wall_segment Palisade Wall x2 |
| 44:44 | 新竹 · first_building Archery Range |
| 47:12 | 新竹 · resign |
[ AI ANALYSIS · 1 CREDIT ]
What really happened in this match?
Wolo.gg analyzes every decision: build order, eco, micro, common mistakes by bracket. Personalized analysis on WhatsApp or Discord in 30 seconds.
Civ guide
Japanese
Perfil
新竹